 Dungeon Crawl Stone Soup version 0.30-a0-1043-g60ff8d5f49 (webtiles) character file.

Game seed: 445563949743549127

11649 cforsyth the Summoner (level 11, -3/64 HPs)
             Began as an Octopode Summoner on Apr 9, 2023.
             Was an Initiate of Gozag.
             Killed by an exploding themself (35 damage)
             ... ignited by their inner flame
             ... on level 11 of the Dungeon.
             The game lasted 00:27:25 (15587 turns).

cforsyth the Summoner (Octopode Summoner)          Turns: 15587, Time: 00:27:25

Health: -3/64      AC:  1    Str:  7    XL:     11   Next: 81%
Magic:  24/26      EV: 13    Int: 22    God:    Gozag
Gold:   1065       SH:  0    Dex: 13    Spells: 14/32 levels left

rFire   . . .      SeeInvis .    (no weapon)
rCold   . . .      Faith    .    (no shield)
rNeg    + . .      Spirit   .    (helmet restricted)
rPois   .          Reflect  .    (no amulet)
rElec   .          Rampage  .    v - ring of resist corrosion
rCorr   +                        A - ring of positive energy
Will    .....                    (no ring)
Stlth   +++                      (no ring)
HPRegen 0.30/turn                (no ring)
MPRegen 0.20/turn                (no ring)
                                 (no ring)
                                 (no ring)

@: about to teleport
A: almost no armour, amphibious, 8 rings, camouflage 1, gelatinous body 1,
(nimble swimmer 1), tentacles
a: Renounce Religion, Potion Petition, Call Merchant, Bribe Branch


You were on level 11 of the Dungeon.
You worshipped Gozag.
Gozag was most pleased with you.
You visited 2 branches of the dungeon, and saw 12 of its levels.

You collected 1221 gold pieces.
You paid 156 gold pieces to Gozag.

Inventory:

Missiles
 e - 7 throwing nets
Jewellery
 v - a ring of resist corrosion (left tentacle)
 A - a ring of positive energy (right tentacle)
 D - a ring of ice
Wands
 r - a wand of flame (16)
 B - a wand of mindburst (6)
 C - a wand of digging (1)
Scrolls
 c - 2 scrolls of fear {unknown}
 d - a scroll of poison {unknown}
 g - a scroll of immolation {unknown}
 i - 2 scrolls of enchant armour
 m - a scroll of vulnerability {unknown}
 n - 2 scrolls of amnesia
 o - 2 scrolls of blinking
 q - a scroll of fog {unknown}
 s - 2 scrolls of teleportation
 t - a scroll of enchant weapon {unknown}
 y - a scroll of brand weapon {unknown}
 z - 4 scrolls of identify
Potions
 a - 2 potions of magic
 b - 3 potions of heal wounds
 f - a potion of haste
 h - 4 potions of curing
 j - 4 potions of brilliance
 k - 2 potions of cancellation
 l - a potion of invisibility {unknown}
 p - 2 potions of attraction
 u - 3 potions of lignification {unknown}
 w - a potion of berserk rage {unknown}
 x - a potion of resistance {unknown}


   Skills:
 + Level 1.7 Fighting
 + Level 2.8 Dodging
 - Level 2.6 Stealth
 - Level 11.1 Spellcasting
 - Level 4.0 Hexes
 - Level 12.6 Summonings
 + Level 1.7 Translocations
 - Level 5.0 Air Magic


You had 14 spell levels left.
You knew the following spells:

 Your Spells              Type           Power      Damage    Failure   Level
a - Summon Small Mammal   Summ           100%       N/A       1%          1
b - Call Imp              Summ           100%       N/A       1%          2
c - Call Canine Familiar  Summ           61%        N/A       1%          3
d - Summon Guardian Gole  Hex/Summ       48%        N/A       1%          3
e - Summon Lightning Spi  Summ/Air       50%        N/A       1%          4
f - Summon Forest         Summ/Tloc      21%        N/A       8%          5

Your spell library contained the following spells:

 Spells                   Type           Power      Damage    Failure   Level
 Static Discharge         Conj/Air       46%        2-4/arc   3%          2
 Tukima's Dance           Hex            29%        N/A       3%          3
 Portal Projectile        Hex/Tloc       48%        N/A       4%          3
 Airstrike                Air            17%        2d(3-19)  7%          4
 Ozocubu's Armour         Ice            12%        N/A       16%         3
 Summon Hydra             Summ           30%        N/A       26%         7
 Blade Hands              Tmut           6%         N/A       83%         5
 Fireball                 Conj/Fire      6%         3d5       83%         5
 Iskenderun's Battlesphe  Conj           12%        2d7       83%         5
 Conjure Ball Lightning   Conj/Air       11%        3x3d6     96%         6
 Eringya's Noxious Bog    Tmut/Pois      6%         N/A       100%        6
 Orb of Destruction       Conj           6%         9d6       100%        7
 Ozocubu's Refrigeration  Ice            6%         4d8       100%        7


Dungeon Overview and Level Annotations

Branches:
Dungeon (11/15)            Temple (1/1) D:4            Lair (0/5) D:9
    Orc (0/2) D:10

Altars:
Ashenzari
Cheibriados
Dithmenos
Elyvilon
Fedhas
Gozag
Hepliaklqana
Kikubaaqudgha
Makhleb
Nemelex Xobeh
Okawaru
Qazlal
Ru
Sif Muna
Trog
Uskayaw
Vehumet
Wu Jian
Xom
Yredelemnul
Zin
The Shining One

Shops:
D:1 (!?   D:5 *   D:9 **   D:11 [

Annotations:
D:11 Psyche, Snorg


Innate Abilities, Weirdness & Mutations

You cannot wear most types of armour.
You are amphibious.
You can wear up to eight rings at the same time.
Your skin changes colour to match your surroundings (Stealth+).
Your rubbery body absorbs attacks. (AC +1, EV +1)
((You are camouflaged when in or above water. (Stealth+)))
You have tentacles for arms and can constrict up to eight enemies at once.


Message History

Psyche casts a spell at you. You resist with some effort.
Something bites your wolf! Something claws your wolf! x2
Your wolf dies!
Your wolf's corpse disappears in a puff of smoke!
Psyche points at you and mumbles some strange words.
You resist with some effort.
There is an open door here.
Casting: Call Canine Familiar (safe; 1% risk of failure)
Confirm with . or Enter, or press ? or * to list all spells.
A guardian golem appears, shielding your allies.
Psyche casts a spell.
A swirling arc of seething chaos appears!
The arc of chaos hits Snorg.
Snorg attacks as you move away! Snorg closely misses you. Snorg claws you!
Snorg claws you.
Psyche casts a spell.
Psyche flickers and vanishes!
Deactivating autopickup; reactivate with Ctrl-A.
Snorg goes berserk!
As you read the scroll of teleportation, it crumbles to dust.
You feel strangely unstable.
Snorg bites your guardian golem but does no damage.
Snorg claws your guardian golem but does no damage.
Snorg claws your guardian golem!!
You hear some strange, mumbled words.
A swirling arc of seething chaos appears!
An arc of chaos appears from out of thin air!
The arc of chaos hits Snorg.
Snorg bites your guardian golem!! Snorg claws your guardian golem!
Snorg completely misses your guardian golem.
Your guardian golem overheats!
Unknown command.
Snorg bites your guardian golem.
Your guardian golem disappears in a puff of smoke!
Your guardian golem explodes!
The fiery explosion engulfs Snorg!!
The fiery explosion engulfs you!!
Ouch! That really hurt!
You die...
Your body crumbles into a pile of gold.

#######..............# #.......
#..............#####.......
#..........................
#.....................##'##
#.....................#)...
#..................^..#....
#...∩.................#....
#######......##########.....####'
.............'§§@.....#..........
.............#§§§....## ...#####
.............#T§§....# #....
.............#.......# #....
.............'.......# #....
#######......###.....# #####
#........#.....# #........#######
#.....@....


You could see Snorg (berserk).

Vanquished Creatures
  A bullfrog (D:9)
  2 orc wizards (D:10)
  A gnoll (D:5)
  4 adders
  A worm (D:3)
  4 dart slugs
  An endoplasm (D:1)
  3 kobolds
  2 quokkas
  3 ball pythons (D:1)
  2 frilled lizards
  A rat (D:1)
25 creatures vanquished.

Vanquished Creatures (collateral kills)
  2 cyclopes
  Joseph (D:7)
  Maurice (D:11)
  A hornet (D:7)
  A troll (D:9)
  A vampire (D:9)
  A wyvern (D:7)
  12 yaks
  A wraith (D:11)
  Eustachio (D:5)
  Grum (D:7)
  2 vampire mosquitoes (D:10)
  Menkaure (D:7)
  7 orc warriors
  3 black bears
  3 sky beasts
  An ice beast (D:8)
  A centaur (D:10)
  A kobold brigand (D:8)
  Blork the orc (D:6)
  3 gnoll sergeants (D:7)
  2 bullfrogs
  5 scorpions
  9 wights
  22 killer bees
  A howler monkey (D:5)
  3 electric eels
  A jelly (D:5)
  4 gnoll boudas
  15 hounds
  2 iguanas
  6 orc priests
  Natasha (thrice) (D:3)
  2 sleepcaps
  10 orc wizards
  9 adders
  32 gnolls
  A shadow imp (D:7)
  2 white imps (D:5)
  2 worms (D:2)
  A dart slug (D:2)
  35 orcs
  2 bats
  6 endoplasms
  3 giant cockroaches
  6 goblins
  4 hobgoblins
  5 jackals (D:7)
  A quokka (D:2)
  6 ball pythons
  3 frilled lizards
  8 kobolds
  4 rats
261 creatures vanquished.

Vanquished Creatures (others)
  A troll (D:10)
  3 yaks
  2 orc warriors
  A black bear (D:6)
  2 gnoll sergeants
  A scorpion (D:9)
  3 wights (D:7)
  A killer bee (D:10)
  2 gnolls (D:7)
  4 orcs (D:10)
  21 fungi (D:9)
  31 plants
72 creatures vanquished.

Grand Total: 358 creatures vanquished

Notes
Turn   | Place    | Note
-------+----------+-------------------------------------------
     0 | D:1      | cforsyth the Octopode Summoner began the quest for the Orb.
     0 | D:1      | Reached XP level 1. HP: 11/11 MP: 3/3
    70 | D:1      | Found Ejul's Antique Weapon Shop.
   164 | D:1      | Found Plog's Distillery.
   169 | D:1      | Reached XP level 2. HP: 17/17 MP: 1/5
   256 | D:1      | Learned a level 2 spell: Call Imp
   547 | D:1      | Found Gain's Magic Scroll Emporium.
   583 | D:1      | Reached XP level 3. HP: 21/21 MP: 1/6
   587 | D:1      | Learned a level 3 spell: Call Canine Familiar
  1421 | D:2      | Reached XP level 4. HP: 27/27 MP: 8/8
  1513 | D:2      | Learned a level 3 spell: Summon Guardian Golem
  1912 | D:3      | Reached skill level 5 in Summonings
  1955 | D:3      | Reached skill level 1 in Hexes
  2128 | D:3      | Reached XP level 5. HP: 18/31 MP: 10/10
  2439 | D:3      | Noticed Natasha
  2446 | D:3      | Found a snail-covered altar of Cheibriados.
  2452 | D:3      | Killed Natasha
  2551 | D:3      | Noticed Natasha
  2557 | D:3      | Killed Natasha
  2558 | D:3      | Reached XP level 6. HP: 29/36 MP: 11/11
  2632 | D:3      | Noticed Natasha
  2639 | D:3      | Killed Natasha
  2735 | D:3      | Found a snail-covered altar of Cheibriados.
  3079 | D:4      | Found a shadowy altar of Dithmenos.
  3333 | D:4      | Found a staircase to the Ecumenical Temple.
  3370 | Temple   | Entered the Ecumenical Temple
  3370 | Temple   | Found a transporter.
  3370 | Temple   | Found a transporter.
  3372 | Temple   | Found a transporter.
  3372 | Temple   | Found a transporter.
  3577 | D:4      | Found a blossoming altar of Fedhas.
  3579 | D:4      | Found an opulent altar of Gozag.
  3579 | D:4      | Found a shimmering altar of Xom.
  3583 | D:4      | Found a hide-covered altar of Uskayaw.
  3583 | D:4      | Found a broken altar of Ashenzari.
  3583 | D:4      | Found a broken altar of Ashenzari.
  3638 | D:4      | Learned a level 4 spell: Summon Lightning Spire
  4078 | D:5      | Entered Level 5 of the Dungeon
  4322 | D:5      | Reached skill level 1 in Air Magic
  4469 | D:5      | Reached XP level 7. HP: 41/41 MP: 6/13
  4657 | D:5      | Noticed Eustachio
  4693 | D:5      | Killed Eustachio
  4694 | D:5      | Reached skill level 6 in Summonings
  4782 | D:5      | Found Azxi's General Store.
  5129 | D:5      | Reached XP level 8. HP: 43/46 MP: 8/15
  5237 | D:5      | HP: 2/46 [poisoned by a scorpion]
  5411 | D:5      | Reached skill level 5 in Spellcasting
  5414 | D:5      | Found a shimmering blue altar of Sif Muna.
  5555 | D:5      | Identified the +0 ring mail "Cyst" {rC+}
  6013 | D:6      | Noticed a cyclops
  6292 | D:6      | Killed a cyclops
  6293 | D:6      | Reached skill level 7 in Summonings
  6423 | D:6      | Reached XP level 9. HP: 51/51 MP: 12/18
  6567 | D:6      | Reached skill level 5 in Air Magic
  6953 | D:6      | Noticed Blork the orc
  6963 | D:6      | Killed Blork the orc
  6964 | D:6      | Reached skill level 8 in Summonings
  7918 | D:7      | Noticed Menkaure
  8265 | D:7      | Killed Menkaure
  8289 | D:7      | Noticed Grum
  8302 | D:7      | Killed Grum
  8303 | D:7      | Reached skill level 9 in Summonings
  8875 | D:7      | Noticed Joseph
  8883 | D:7      | Reached XP level 10. HP: 36/54 MP: 8/22
  8903 | D:7      | Killed Joseph
  8914 | D:7      | Found a hazy altar of Hepliaklqana.
  9253 | D:7      | Reached skill level 10 in Summonings
  9349 | D:7      | Paralysed by a hornet for 3 turns
  9556 | D:7      | Learned a level 5 spell: Summon Forest
  9697 | D:7      | Found a bloodstained altar of Trog.
  9968 | D:7      | Found a stormy altar of Qazlal.
 10173 | D:7      | Found a blossoming altar of Fedhas.
 10817 | D:8      | Found a white marble altar of Elyvilon.
 11434 | D:9      | Found Zin's Purification Station.
 11434 | D:9      | Found a glowing silver altar of Zin.
 11443 | D:9      | Reached skill level 11 in Summonings
 11509 | D:9      | Found Xymeiti's General Store.
 11770 | D:9      | Reached XP level 11. HP: 57/61 MP: 17/24
 11772 | D:9      | Reached skill level 10 in Spellcasting
 11818 | D:9      | Found a staircase to the Lair.
 11847 | D:9      | Found an opulent altar of Gozag.
 11941 | D:9      | Became a worshipper of Gozag Ym Sagoz the Greedy
 12663 | D:9      | Reached skill level 12 in Summonings
 12992 | D:10     | Entered Level 10 of the Dungeon
 14761 | D:10     | Found a staircase to the Orcish Mines.
 15038 | D:11     | Noticed a cyclops
 15050 | D:11     | Killed a cyclops
 15051 | D:11     | Reached skill level 1 in Fighting
 15051 | D:11     | Reached skill level 1 in Translocations
 15293 | D:11     | Noticed Maurice
 15312 | D:11     | Killed Maurice
 15502 | D:11     | Found Sekucw's Antique Armour Shoppe.
 15579 | D:11     | Noticed Snorg
 15579 | D:11     | Noticed Psyche
 15587 | D:11     | Killed by an exploding themself... ignited by their inner
                  | flame

Illustrated notes

Levels and vault maps discovered:
D:1:      dpeg_arrival_round_a, layout_rooms, serial_shops,
          nicolae_shop_hallway_plus, shop, shop
D:2:      layout_loops_ring, dk_noncrumbling_3
D:3:      layout_rooms, lemuel_round_altar, uniq_natasha
D:4:      layout_basic, doesnt_xom_only_xom, mainiacjoe_overflow_cross_hatched,
          minmay_temple_entry_enclosed_plants
D:5:      layout_loops_ring, marbit_many_paths, serial_shops,
          nicolae_shop_waterfront, chequers_jeans, kennysheep_small_circle,
          uniq_eustachio
D:6:      layout_gridville, uniq_blork_the_orc
D:7:      layout_cave_pools, nzn_hepliaklqana_mist_gate, fedhas_altar_4,
          mainiacjoe_overflow_brackets, nicolae_overflow_hidden_temple,
          serial_gnoll_camp, gnoll_camp_mini_sergeant, gnoll_camp_medium_02,
          gnoll_camp_huts_moat, grums_kennel, uniq_menkaure, uniq_joseph
D:8:      layout_cave_pools, mainiacjoe_overflow_catwalk, serial_bayou_lagoon_a
D:9:      layout_stronghold, nicolae_gozag_cash_rules_everything_around_me,
          zin_purify, grunt_lair_entry_orc_guard_hut, serial_shops,
          nicolae_shop_stone, minmay_misc_feat_four_crosses
D:10:     layout_irregular_city, erik_orc_2
D:11:     layout_irregular_city, serial_shops, shop, uniq_maurice, uniq_snorg,
          uniq_psyche
Temple:   hellmonk_temple_divided_pantheon

Skill      XL: |  1  2  3  4  5  6  7  8  9 10 11 |
---------------+----------------------------------+-----
Spellcasting   | 3 4 6 8 9 11 | 11.1
Summonings     | 5 6 7 9 11 12 | 12.6
Hexes          | 1 2 3 4 |  4.0
Air Magic      | 1 2 4 5 |  5.0
Fighting       | 1 |  1.7
Translocations | 1 |  1.7
Dodging        | |  2.8
Stealth        | |  2.6

Action                     |  1- 3 |  4- 6 |  7- 9 | 10-12 || total
---------------------------+-------+-------+-------+-------++-------
  Melee: Unarmed           |    25 |    44 |    51 |    50 ||   170
         Constrict         |     9 |    14 |    11 |    10 ||    44
         Tentacles         |     9 |    11 |    11 |    11 ||    42
         Punch             |     1 |     2 |     2 |       ||     5
   Cast: Summon Small Mamm |    26 |    22 |    20 |     5 ||    73
         Call Imp          |     9 |    14 |    12 |     2 ||    37
         Call Canine Famil |     4 |    22 |    32 |    48 ||   106
         Summon Guardian G |       |       |    24 |    43 ||    67
         Summon Lightning  |       |       |    23 |    64 ||    87
    Use: Scroll            |       |     2 |     6 |     2 ||    10
         Potion            |       |       |       |     1 ||     1
   Stab: Sleeping          |     1 |       |       |       ||     1
         Distracted        |     2 |       |     2 |       ||     4
 Armour: Skin              |     8 |     4 |     5 |     6 ||    23
  Dodge: Dodged            |    25 |    35 |    54 |    54 ||   168

Table legend: (Time is in decaauts)
 A = Elapsed time spent in this place.
 B = Non-inter-level travel time spent in this place.
 C = Inter-level travel time spent in this place.
 D = Time resting spent in this place.
 E = Time spent auto-exploring this place.
 F = Levels seen in this place.
 G = Mean time per level.
                   A        B        C        D        E       F      G
               +--------+--------+--------+--------+--------+-----+--------+
         Total |  15594 |  15258 |    336 |   1139 |  11428 |  12 | 1299.5 |
       Dungeon |  15558 |  15232 |    326 |   1139 |  11427 |  11 | 1414.4 |
        Temple |     35 |     25 |     10 |      0 |      1 |   1 |   35.0 |
               +--------+--------+--------+--------+--------+-----+--------+

Top non-repeatable levels by time:
     D:7: 2360 daAuts
    D:10: 2041 daAuts
     D:6: 2026 daAuts
     D:5: 1831 daAuts
     D:9: 1559 daAuts
     D:3: 1208 daAuts
     D:8: 1137 daAuts
     D:4: 1057 daAuts
     D:1: 933 daAuts
     D:2: 849 daAuts
    D:11: 552 daAuts
  Temple: 35 daAuts
